 Dungeon Crawl Stone Soup version 0.31-a0-180-g519b7de00c (webtiles) character file.

Game seed: 17523735068904378379

41 Maxmaps the Slasher (level 3, -1/27 HPs)
             Began as a Demonspawn Gladiator on June 19, 2023.
             Slain by Jessica
             ... wielding a +0 club
              (2 damage)
             ... on level 2 of the Dungeon.
             The game lasted 00:01:11 (1037 turns).

Maxmaps the Slasher (Demonspawn Gladiator)          Turns: 1037, Time: 00:01:12

Health: -1/27      AC:  4    Str: 14    XL:     3   Next: 32%
Magic:  3/3        EV: 12    Int: 11    God:
Gold:   30         SH:  0    Dex: 14    Spells: 2/2 levels left

rFire   . . .        a - +0 long sword
rCold   . . .        (no shield)
rNeg    . . .        b - +0 leather armour
rPois   .            c - +0 helmet
rElec   .            (no cloak)
rCorr   .            (no gloves)
SInv    .            (no boots)
Will    .....        (no amulet)
Stlth   +            (no ring)
HPRegen 0.24/turn    (no ring)
MPRegen 0.08/turn

%: no passive effects
@: studying Invocations
A: claws 1, weakness stinger 1
a: no special abilities


You were on level 2 of the Dungeon.
You visited 1 branch of the dungeon, and saw 2 of its levels.

You collected 30 gold pieces.

Inventory:

Hand Weapons
 a - a +0 long sword (weapon)
Missiles
 d - 3 throwing nets (quivered)
 e - a javelin
Armour
 b - a +0 leather armour (worn)
 c - a +0 helmet (worn)
Scrolls
 f - 2 scrolls of immolation {unknown}
 g - a scroll of fear {unknown}
 i - a scroll of revelation {unknown}
Potions
 h - a potion of invisibility {unknown}
 j - 2 potions of might {unknown}


   Skills:
 - Level 2.0 Fighting
 - Level 3.3 Long Blades
 - Level 1.7 Throwing
 - Level 2.6 Dodging
 + Level 2.0 Unarmed Combat


You had 2 spell levels left.
You didn't know any spells.
Your spell library contained the following spells:

 Spells                   Type           Power      Damage    Failure   Level
 Cigotuvi's Dreadful Rot  Necr/Pois/Air  0%         N/A       56%         2
 Frozen Ramparts          Ice            0%         1d1       80%         3
 Ignite Poison            Fire/Tmut/Pois 0%         N/A       80%         3
 Ice Form                 Ice/Tmut       0%         N/A       99%         4
 Summon Ice Beast         Ice/Summ       0%         N/A       99%         4
 Freezing Cloud           Conj/Ice/Air   0%         6-21      100%        5


Dungeon Overview and Level Annotations

Branches:
Dungeon (2/15)

Altars:

Annotations:
D:2 Jessica


Innate Abilities, Weirdness & Mutations

You have sharp fingernails.
You have a small tail.


Message History

The kobold attacks as you move away! The kobold hits you but does no damage.
The endoplasm attacks as you move away! The endoplasm barely misses you.
Jessica shouts!
The endoplasm misses you. The endoplasm attacks as you move away!
The endoplasm barely misses you.
You slash the endoplasm!
You kill the endoplasm!
Your Unarmed Combat skill increases to level 2!
You hit the endoplasm.
The endoplasm is severely wounded.
The endoplasm freezes you.
You are frozen.
You slash the endoplasm!
You kill the endoplasm!
You hit Jessica.
Jessica is moderately wounded.
Jessica hits you with a +0 club.
You closely miss Jessica.
Your tail-slap misses Jessica.
Jessica is moderately wounded.
Jessica gestures wildly while chanting.
Jessica blinks!
The kobold barely misses you.
You closely miss the kobold.
You tail-slap the kobold, but do no damage.
The kobold is moderately wounded.
The kobold closely misses you.
You hit the kobold.
You kill the kobold!
Jessica grins evilly.
Jessica points at you and mumbles some strange words.
Pain shoots through your body!
Ouch! That really hurt!
* * * LOW HITPOINT WARNING * * *
Things that are here:
a +0 dagger; a kobold corpse Jessica gestures wildly.
Jessica completely misses you.
You barely miss Jessica. You tail-slap Jessica.
Jessica is severely wounded.
Jessica hits you with a +0 club.
You die...

#######.######..
............##..
#########.#..###..
#.#[..........###8..
#.#.#####.########..
#.#.# #.#8###8##..
#.#.# #...........
#.#)# #..........⌠
#.#@# #...........
####.#.#@#
###8###8##).
.........# ## ####..
..............# #8..
.........####.# ##..
.......... #..
...####.### ##.. ..
#.# #8.. . ... ##.[


You could see Jessica.

Vanquished Creatures
  2 dart slugs (D:1)
  2 bats (D:1)
  6 endoplasms
  A giant cockroach (D:2)
  3 goblins
  5 hobgoblins (D:1)
  3 kobolds
  3 quokkas (D:1)
  2 ball pythons (D:1)
  A frilled lizard (D:1)
  2 rats (D:1)
30 creatures vanquished.

Notes
Turn   | Place    | Note
-------+----------+-------------------------------------------
     0 | D:1      | Maxmaps the Demonspawn Gladiator began the quest for the
                  | Orb.
     0 | D:1      | Reached XP level 1. HP: 16/16 MP: 1/1
    73 | D:1      | Reached skill level 3 in Long Blades
   223 | D:1      | Discovered your monstrous ancestry.
   223 | D:1      | Gained mutation: You have sharp fingernails. [demonic
                  | ancestry]
   223 | D:1      | Reached XP level 2. HP: 22/22 MP: 2/2
   293 | D:1      | Reached skill level 1 in Unarmed Combat
   510 | D:1      | Gained mutation: You have a small tail. [demonic ancestry]
   510 | D:1      | Reached XP level 3. HP: 24/27 MP: 3/3
  1022 | D:2      | Noticed Jessica
  1035 | D:2      | HP: 1/27 [Jessica/nerve-wracking pain (14)]
  1037 | D:2      | Slain by Jessica

Illustrated notes

Levels and vault maps discovered:
D:1:      tekkud_arrival_beachfront_property, layout_loops_ring
D:2:      layout_basic, hellmonk_ecumenical_altar_inner_sanctum,
          minmay_hedge_maze, chequers_serial_rivers_small_b,
          corexii_hall_statues_x, minmay_quantized, uniq_natasha, uniq_jessica,
          uniq_robin

Skill      XL: |  1  2  3 |
---------------+----------+-----
Long Blades    | 3 |  3.3
Unarmed Combat | 1 2 |  2.0
Fighting       | |  2.0
Throwing       | |  1.7
Dodging        | |  2.6

Action                     || total
---------------------------++-------
  Melee: Long sword        ||    99
         Tailslap          ||     3
         Punch             ||     1
   Stab: Sleeping          ||     1
 Armour: Leather armour    ||    31
  Dodge: Dodged            ||    62

Table legend: (Time is in decaauts)
 A = Elapsed time spent in this place.
 B = Non-inter-level travel time spent in this place.
 C = Inter-level travel time spent in this place.
 D = Time resting spent in this place.
 E = Time spent auto-exploring this place.
 F = Levels seen in this place.
 G = Mean time per level.
                   A        B        C        D        E       F      G
               +--------+--------+--------+--------+--------+-----+--------+
         Total |   1060 |   1002 |     58 |      0 |    775 |   2 |  530.0 |
       Dungeon |   1060 |   1002 |     58 |      0 |    775 |   2 |  530.0 |
               +--------+--------+--------+--------+--------+-----+--------+

Top non-repeatable levels by time:
     D:1: 945 daAuts
     D:2: 115 daAuts
